AoeStats
← DG

Socotra

506743093Analyzed
4v4 RM · 18d ago on Sep 14, 2026· 44m 45s· 8 players
Game mode
Random Map
Map size
148×148
Population
200
Speed
Normal
Resources
Standard
Victory
Conquest
Starting age
Dark Age
Ending age
Imperial Age
RankedLock teamsTeams togetherTeam positionsShared explorationLock speedFull tech treeHidden civsTurbo modeCheats
Victory
Defeat
🇬🇧 Japanese · United Kingdom
909
+10
🇦🇷 Khmer · Argentina
822
+14
🇹🇷 Huns · Türkiye
661
+20
🇨🇴 Vikings · Colombia
608
+23
🇫🇷 Goths · France
789
-18
🇨🇱 Teutons · Chile
789
-18
🇲🇽 Cumans · Mexico
755
-16
🇨🇴 Vietnamese · Colombia
717
-15
sebajr10
10:37 Feudal Age
11:57 Wheelbarrow
19:12 Forging
23:52 Castle Age
22:48 Scale Barding Armor
22:37 Gold Mining
24:59 Hand Cart
25:39 Iron Casting
retroesam
Fulgur
5:42 Loom
17:09 Feudal Age
19:20 Double-Bit Axe
23:13 Castle Age
22:13 Fletching
FoXx
0:31 Loom
13:18 Feudal Age
15:04 Double-Bit Axe
15:03 Horse Collar
15:43 Town Watch
15:32 Man-at-Arms
17:54 Forging
19:34 Stone Mining
20:01 Scale Mail Armor
20:43 Wheelbarrow
23:48 Castle Age
24:50 Squires
24:49 Gold Mining
27:46 Ballistics
26:53 Long Swordsman
28:11 Fletching
28:20 Murder Holes
30:49 Iron Casting
31:25 Chain Mail Armor
32:12 Bodkin Arrow
32:56 Heavy Plow
35:30 Town Patrol
38:43 Pikeman
41:29 Hand Cart
93arthas
8:14 Loom
10:39 Feudal Age
11:22 Double-Bit Axe
12:32 Horse Collar
15:49 Gold Mining
15:33 Man-at-Arms
19:17 Arson
23:21 Castle Age
21:53 Fletching
22:15 Forging
22:07 Scale Mail Armor
26:48 Long Swordsman
36:11 Bodkin Arrow
36:56 Wheelbarrow
40:58 Imperial Age
38:55 Caravan
42:28 Conscription
42:38 Bow Saw
43:03 Bracer
juanchop752
12:17 Loom
14:02 Feudal Age
15:18 Double-Bit Axe
15:15 Horse Collar
19:14 Castle Age
24:59 Heavy Plow
28:06 Bow Saw
28:40 Stone Mining
28:41 Gold Mining
40:13 Gold Shaft Mining
40:24 Heavy Plow
46:28 Imperial Age
DG
5:56 Loom
12:12 Feudal Age
12:41 Double-Bit Axe
12:38 Horse Collar
15:47 Wheelbarrow
16:01 Gold Mining
16:21 Stone Mining
21:29 Castle Age
24:27 Hand Cart
24:40 Bow Saw
24:32 Heavy Plow
26:35 Caravan
27:05 Coinage
28:21 Husbandry
28:32 Bloodlines
27:43 Light Cavalry
28:34 Forging
28:30 Scale Barding Armor
29:41 Gold Shaft Mining
33:55 Iron Casting
33:41 Chain Barding Armor
37:03 Chain Barding Armor
40:17 Imperial Age
40:26 Hussar
40:31 Cavalier
42:19 Two-Man Saw
42:11 Banking
41:52 Guilds
42:44 Blast Furnace
42:19 Plate Barding Armor
42:09 Conscription
41:54 Marauders
41:16 Elite Tarkan
43:52 Paladin
neethgiE
9:29 Loom
11:14 Feudal Age
17:42 Castle Age
22:30 Double-Bit Axe
24:35 Horse Collar
32:35 Heavy Plow
33:10 Forging
35:22 Caravan
35:43 Scale Mail Armor
36:20 Iron Casting
36:18 Bow Saw
41:37 Imperial Age
40:01 Chain Mail Armor
42:58 Conscription
42:41 Elite Samurai
Connection lost

Rejoining the realm…

Still unreachable

The connection could not be restored.

Session expired

The server has moved on; the page needs a fresh start.